 Dungeon Crawl Stone Soup version 0.28-a0-697-g47f3eba078 (webtiles) character file.

Game seed: 14755473381061068623

199 KoroneIsBestGirl the Chiller (level 5, -5/35 HPs)
             Began as a Barachi Ice Elementalist on Oct 23, 2021.
             Was a Follower of Zin.
             Slain by diltron's ghost (10 damage)
             ... on level 3 of the Dungeon.
             The game lasted 00:04:03 (2923 turns).

KoroneIsBestGirl the Chiller (BaIE)                 Turns: 2923, Time: 00:04:03

Health: -5/35      AC:  4    Str:  9    XL:     5   Next: 77%
Magic:  0/10       EV: 13    Int: 17    God:    Zin [*.....]
Gold:   39         SH:  0    Dex: 18    Spells: 7/11 levels left

rFire   . . .      SeeInvis .   j - +0 spear
rCold   . . .      Faith    .   (no shield)
rNeg    . . .      Spirit   .   a - +0 robe
rPois   .          Reflect  .   i - +1 helmet
rElec   .          Harm     .   (no cloak)
rCorr   .          Rampage  .   (no gloves)
Will    .....                   (no boots)
Stlth   ++........              (no amulet)
HPRegen 0.11/turn               d - ring of flight
MPRegen 0.12/turn               o - +6 ring of dexterity

@: unable to hop, flying, slow
A: amphibious, slowness 1, strong legs 1, +LOS
a: Hop, Renounce Religion, Recite, Donate Gold


You were on level 3 of the Dungeon.
You worshipped Zin.
Zin was aware of your devotion.
You visited 1 branch of the dungeon, and saw 3 of its levels.

You collected 43 gold pieces.
You donated 4 gold pieces to Zin.

Inventory:

Hand Weapons
 j - a +0 spear (weapon)
Armour
 a - a +0 robe (worn)
 i - a +1 helmet (worn)
Jewellery
 d - a ring of flight (left hand)
 g - a ring of fire
 o - a +6 ring of dexterity (right hand)
Scrolls
 e - 4 scrolls of identify {unknown}
 p - a scroll of teleportation {unknown}
Potions
 k - 2 potions of heal wounds {unknown}
 l - a potion of curing {unknown}
 n - a potion of flight {unknown}


   Skills:
 + Level 3.6 Dodging
 - Level 1.7 Stealth
 + Level 3.5 Spellcasting
 * Level 6.6 Ice Magic


You had 7 spell levels left.
You knew the following spells:

 Your Spells              Type           Power      Damage    Failure   Level
a - Freeze                Ice            100%       1d11      1%          1
b - Frozen Ramparts       Ice            50%        1d7       3%          3

Your spell library contained the following spells:

 Spells                   Type           Power      Damage    Failure   Level
 Ozocubu's Armour         Ice            25%        N/A       3%          3
 Ensorcelled Hibernation  Hex/Ice        28%        N/A       6%          2
 Hailstorm                Conj/Ice       14%        3d5       38%         4
 Spider Form              Tmut/Pois      1%         N/A       45%         3


Dungeon Overview and Level Annotations

Branches:
Dungeon (3/15)

Altars:
Zin

Annotations:
D:3 diltron's ghost, amateur TeFi


Innate Abilities, Weirdness & Mutations

You are amphibious.
You cover ground slowly.
You can hop short distances.
You have an extended range of vision and can be seen from far away.


Message History

Press: ? - help, Shift-Dir - straight line, f/p - diltron's ghost
Aim: diltron's ghost, wielding a weapon of freezing (severely damaged)
You freeze diltron's ghost.
Diltron's ghost resists.
Diltron's ghost is severely damaged.
Diltron's ghost closely misses you.
Unknown command.
Casting: Freeze (safe; 1% risk of failure)
Confirm with . or Enter, or press ? or * to list all spells.
Aiming: Freeze (safe; 1% risk of failure)
Press: ? - help, Shift-Dir - straight line, f/p - diltron's ghost
Aim: diltron's ghost, wielding a weapon of freezing (severely damaged)
You freeze diltron's ghost.
Diltron's ghost resists.
Diltron's ghost is severely damaged.
Diltron's ghost barely misses you.
Unknown command.
As you read the scroll labelled ZONTOSTUET, it crumbles to dust.
It is a scroll of enchant armour.
Your +0 helmet glows green for a moment.
Diltron's ghost closely misses you.
As you read the scroll labelled USERUTW NIDIJOSAST, it crumbles to dust.
You hear a loud clanging noise!
It was a scroll of noise.
Diltron's ghost takes a fighting stance.
Diltron's ghost closely misses you.
As you read the scroll labelled TIZXYM BUWORA, it crumbles to dust.
The scroll dissolves into smoke.
It was a scroll of fog.
Diltron's ghost hits you! Zin protects you from harm!
Diltron's ghost freezes you.
* * * LOW HITPOINT WARNING * * *
As you read the scroll labelled FERRUOMI XOPS, it crumbles to dust.
It is a scroll of amnesia.
Really abort (and waste the scroll)?
Really abort (and waste the scroll)?
Okay, then.
Diltron's ghost barely misses you.
As you read the scroll labelled RUNEDOIPS, it crumbles to dust.
Wisps of shadow whirl around you...
It was a scroll of summoning.
Diltron's ghost hits you!
You die...

###.#.#...#
..#.......#
#.##......#
#.##......##
..##.......##
#.##........##
#.##.........########
...####.......§§§g§.#
##.# #.......§J@WJ.#
.#.# #..#########).#
.#.# #..#.......#..#
.#.# #..#..#.#.S#..#
...# #..#.$.#..S'W.#
..## #..#.S.)..o'...#
#.# #..#...#...'...#
..# #..#..#.#..#...#
### #..#.......#...#


You could see diltron's ghost (ally target), 2 friendly endoplasms and a
friendly goblin (summoned).

Vanquished Creatures
  An orc priest (D:3)
  An iguana (D:2)
  A gnoll (D:1)
  7 adders
  2 dart slugs
  9 orcs (D:3)
  9 endoplasms
  2 giant cockroaches
  2 goblins (D:1)
  7 hobgoblins
  2 jackals (D:3)
  2 kobolds
  3 ball pythons
  6 bats
  A frilled lizard (D:2)
  3 rats
58 creatures vanquished.

Notes
Turn   | Place    | Note
-------+----------+-------------------------------------------
     0 | D:1      | KoroneIsBestGirl the Barachi Ice Elementalist began the
                  | quest for the Orb.
     0 | D:1      | Reached XP level 1. HP: 13/13 MP: 3/3
   121 | D:1      | Found a faded altar of an unknown god.
   140 | D:1      | Found Mokkog's Magic Scroll Shop.
   149 | D:1      | Prayed at the altar of an unknown god.
   149 | D:1      | Became a worshipper of Zin the Law-Giver
   149 | D:1      | Reached * piety under Zin
   317 | D:1      | Reached skill level 5 in Ice Magic
   317 | D:1      | Reached XP level 2. HP: 11/19 MP: 0/5
   746 | D:1      | Reached XP level 3. HP: 20/24 MP: 3/6
   750 | D:1      | Learned a level 3 spell: Frozen Ramparts
  1657 | D:2      | Reached XP level 4. HP: 25/30 MP: 2/8
  2103 | D:2      | Reached skill level 6 in Ice Magic
  2389 | D:3      | Reached XP level 5. HP: 17/35 MP: 0/9
  2890 | D:3      | Found a runed translucent gate.
  2891 | D:3      | Found a runed translucent gate.
  2892 | D:3      | Found a runed translucent gate.
  2901 | D:3      | Noticed diltron's ghost (amateur TeFi)
  2921 | D:3      | Zin protects you from harm!
  2923 | D:3      | Slain by diltron's ghost

Illustrated notes

Levels and vault maps discovered:
D:1:      lemuel_arrival_tunnels, layout_basic, serial_shops, shop_scrolls,
          ebering_ecumenical_altar_sacrificial
D:2:      layout_rooms, hangedman_decor_slide_cut,
          chequers_hall_statues_corner_a, grunt_decor_junction,
          kennysheep_cross_bottleneck
D:3:      layout_basic, gammafunk_ghost_split

Skill      XL: |  1  2  3  4 |
---------------+-------------+-----
Ice Magic      | 5 6 |  6.6
Dodging        | 3 |  3.6
Spellcasting   | 3 |  3.5
Stealth        | |  1.7

Action                   |  1- 3 |  4- 6 || total
-------------------------+-------+-------++-------
Melee: Unarmed           |    15 |       ||    15
       Spear             |       |    14 ||    14
 Cast: Freeze            |    36 |    38 ||    74
       Frozen Ramparts   |       |     5 ||     5
 Abil: Hop               |     1 |     1 ||     2
  Use: Scroll            |       |     5 ||     5
 Stab: Sleeping          |       |     5 ||     5
Armor: Robe              |     5 |     4 ||     9
Dodge: Dodged            |    23 |    27 ||    50

Table legend: (Time is in decaauts)
 A = Elapsed time spent in this place.
 B = Non-inter-level travel time spent in this place.
 C = Inter-level travel time spent in this place.
 D = Time resting spent in this place.
 E = Time spent auto-exploring this place.
 F = Levels seen in this place.
 G = Mean time per level.
                   A        B        C        D        E       F      G
               +--------+--------+--------+--------+--------+-----+--------+
         Total |   3215 |   3062 |    153 |      0 |   2673 |   3 | 1071.7 |
       Dungeon |   3215 |   3062 |    153 |      0 |   2673 |   3 | 1071.7 |
               +--------+--------+--------+--------+--------+-----+--------+

Top non-repeatable levels by time:
     D:1: 1498 daAuts
     D:2: 1129 daAuts
     D:3: 587 daAuts
